 Dungeon Crawl Stone Soup version 0.23-a0-860-g8ff03fb (webtiles) character file.

83 Mgcat the Insei (level 4, -1/36 HPs)
             Began as a Demigod Transmuter on Jan 27, 2019.
             Slain by a gnoll
             ... wielding a +0 spear
              (4 damage)
             ... on level 1 of the Dungeon.
             The game lasted 00:04:29 (2253 turns).

Mgcat the Insei (Demigod Transmuter)                Turns: 2253, Time: 00:04:30

Health: -1/36      AC:  3    Str: 15    XL:     4   Next: 2%
Magic:  6/10       EV: 12    Int: 17    God:
Gold:   42         SH:  3    Dex: 16    Spells: 1/7 levels left

rFire    + . .     SeeInvis .     - Unarmed
rCold    . . .     Gourm    .   (no shield)
rNeg     . . .     Faith    .   b - +0 robe
rPois    .         Spirit   .   h - +0 helmet
rElec    .         Reflect  +   (no cloak)
rCorr    .         Harm     .   (no gloves)
MR       .....                  (no boots)
Stlth    ++........             j - +3 amulet of reflection
HPRegen  0.12/turn              p - ring of stealth {Stlth+}
MPRegen  0.12/turn              n - ring of protection from fire {rF+, !d}

@: no status effects
A: high mp 1
a: no special abilities


You were on level 1 of the Dungeon.
You were hungry.

You visited 1 branch of the dungeon, and saw 2 of its levels.

You collected 42 gold pieces.

Inventory:

Missiles
 a - 25 arrows
 l - a throwing net {=f, !d}
Armour
 b - a +0 robe (worn)
 h - a +0 helmet (worn)
   (You found it on level 1 of the Dungeon)
Jewellery
 g - an uncursed ring of positive energy {rN+}
   (You found it on level 1 of the Dungeon)
 j - a +3 amulet of reflection (around neck)
   (You found it on level 1 of the Dungeon)
 n - a ring of protection from fire (right hand) {rF+, !d}
   (You found it on level 1 of the Dungeon)
 p - a ring of stealth (left hand) {Stlth+}
   (You found it on level 1 of the Dungeon)
Scrolls
 c - a scroll of fog {unknown}
 m - 3 scrolls of remove curse {unknown}
 o - a scroll of enchant weapon {unknown}
 q - 3 scrolls of identify {unknown}
 s - a scroll of enchant armour {unknown}
 u - a scroll of blinking {unknown}
Potions
 e - 2 potions of heal wounds {unknown}
 i - 2 potions of degeneration {unknown}
 k - a potion of brilliance {unknown}
 r - a potion of curing {unknown}
 t - a potion of might {unknown}
Comestibles
 d - 6 rations


   Skills:
 + Level 1.6 Fighting
 - Level 1.7 Dodging
 * Level 3.6 Unarmed Combat
 + Level 2.3 Spellcasting
 + Level 2.3 Transmutations
 + Level 0.1 Poison Magic


You had one spell level left.
You knew the following spells:

 Your Spells              Type           Power        Failure   Level  Hunger
a - Beastly Appendage     Tmut           ##....       7%          1    #......
b - Sticks to Snakes      Tmut           ##......     11%         2    ###....
c - Spider Form           Tmut/Pois      #.........   34%         3    ###....

Your spell library contained the following spells:

 Spells                   Type           Power        Failure   Level  Hunger
 Ice Form                 Ice/Tmut       #.......     75%         4    #####..
 Blade Hands              Tmut           ##........   89%         5    ######.


Dungeon Overview and Level Annotations

Branches:
Dungeon (2/15)


Innate Abilities, Weirdness & Mutations

You have an increased reservoir of magic. (+10% MP)


Message History

Your ball python constricts the gnoll.
The gnoll struggles to escape constriction.
Your ball python bites the gnoll but does no damage.
Your ball python constricts the gnoll.
Warning x2: The gnoll can hit for moderate damage in melee, and throws nets! x2
Something hits your ball python.
Your ball python dies!
Your talons disappear.
All of the chunks of flesh in your inventory have rotted away.
You see here 4 large rocks {!d}.
You see here a +0 club.
Spoiler Alert: The gnoll can hit for moderate damage in melee, and throws nets!
There is a stone staircase leading up here.
You climb upwards.
There is a stone staircase leading down here.
MP restored: 10 You start resting.
Unknown command.
You regained 12 hp, and now have 18/36 hp.
You start resting.
HP restored.
You regained 12 hp, and now have 30/36 hp.
You start resting.
You are feeling hungry.
You regained 5 hp, and now have 35/36 hp.
You climb downwards.
The gnoll barely misses you. The kobold closely misses you.
The gnoll barely misses you.
There is a stone staircase leading up here.
Spoiler Alert: The gnoll can hit for moderate damage in melee, and throws nets!
You hit the gnoll but do no damage. The kobold barely misses you.
The gnoll closely misses you.
Casting: Sticks to Snakes (safe; 11% risk of failure)
Confirm with . or Enter, or press ? or * to list all spells.
You create a snake!
You now have 27 arrows.
The kobold barely misses you. The gnoll hits you with a +0 spear.
The kobold hits you but does no damage.
Your ball python bites the kobold.
Your ball python grabs the kobold.
Your ball python constricts the kobold.
The gnoll misses you.
You take 3 damage, and have 32/36 hp.
You now have 8/10 mp.
Spoiler Alert: The gnoll can hit for moderate damage in melee, and throws nets!
You barely miss the gnoll. The kobold hits your ball python.
Your ball python dies!
The gnoll barely misses you.
The kobold shouts!
You hit the gnoll but do no damage. The kobold closely misses you.
The gnoll barely misses you.
The leopard gecko completely misses you.
Warning x2: The gnoll can hit for moderate damage in melee, and throws nets! x2
You barely miss the kobold.
The kobold is heavily wounded.
The kobold barely misses you. The leopard gecko barely misses you.
The gnoll completely misses you.
You hit the kobold.
You kill the kobold!
The leopard gecko closely misses you. The gnoll completely misses you.
Warning x2: The gnoll can hit for moderate damage in melee, and throws nets! x2
You hit the gnoll but do no damage. The leopard gecko bites you.
The gnoll hits you with a +0 spear! The gnoll misses you.
You take 10 damage, and have 22/36 hp.
MASSIVE DAMAGE!!
You hit the gnoll but do no damage.
The leopard gecko bites you but does no damage.
You block the gnoll's attack.
The gnoll hits you from afar with a +0 spear.
You take 5 damage, and have 17/36 hp.
Warning x2: The gnoll can hit for moderate damage in melee, and throws nets! x2
Casting: Sticks to Snakes (safe; 11% risk of failure)
Confirm with . or Enter, or press ? or * to list all spells.
You create a snake!
You now have 26 arrows.
The leopard gecko misses you. You block the gnoll's attack.
The leopard gecko bites you. The gnoll closely misses you.
The leopard gecko bites you but does no damage.
Your ball python barely misses the gnoll. x2
The gnoll completely misses you. The gnoll barely misses you.
You take 2 damage, and have 15/36 hp.
You now have 7/10 mp.
Warning x2: The gnoll can hit for moderate damage in melee, and throws nets! x2
You hit the gnoll.
The gnoll is lightly wounded.
The leopard gecko bites you.
Your ball python bites the gnoll but does no damage.
Your ball python grabs the gnoll.
Your ball python constricts the gnoll.
The gnoll hits you with a +0 spear!
* * * LOW HITPOINT WARNING * * *
You take 11 damage, and have 4/36 hp.
MASSIVE DAMAGE!!
Warning x2: The gnoll can hit for moderate damage in melee, and throws nets! x2
The gnoll barely misses you. The leopard gecko barely misses you.
Your ball python bites the gnoll.
Your ball python constricts the gnoll.
The gnoll closely misses you.
You climb upwards.
Your summoned ally is left behind.
There is a stone staircase leading down here.
You hit the gnoll.
The gnoll is moderately wounded.
The leopard gecko bites you but does no damage.
Spoiler Alert: The gnoll can hit for moderate damage in melee, and throws nets!
Casting: Sticks to Snakes (safe; 11% risk of failure)
Confirm with . or Enter, or press ? or * to list all spells.
You create a snake!
You now have 25 arrows.
The gnoll completely misses you. The leopard gecko bites you.
* * * LOW HITPOINT WARNING * * *
The gnoll hits you with a +0 spear.
You die...

##.##
####............#
###.#
#.#.#.#.#.#.## ##
....#
#......(.....# #.
#####
#.#.#.#.#.#.## #.
#............#####.
###.#.#.#.#.###....
#.S............##.
##l#.#.#.#.#[..รท..
#@..........######
##g#.#.#.#.##
###########


You could see a gnoll, a leopard gecko and a friendly ball python.

Vanquished Creatures
  3 gnolls (D:2)
  An adder (D:2)
  A dart slug (D:1)
  A leopard gecko (D:1)
  A giant cockroach (D:2)
  2 goblins (D:1)
  3 hobgoblins
  A ball python (D:2)
  4 bats
  2 frilled lizards
  5 kobolds
  3 rats
27 creatures vanquished.

Vanquished Creatures (collateral kills)
  2 gnolls (D:2)
  A worm (D:2)
3 creatures vanquished.

Grand Total: 30 creatures vanquished

Notes
Turn   | Place    | Note
-------+----------+-------------------------------------------
     0 | D:1      | Mgcat the Demigod Transmuter began the quest for the Orb.
     0 | D:1      | Reached XP level 1. HP: 15/15 MP: 5/5
    20 | D:1      | Reached skill level 1 in Fighting
   294 | D:1      | Reached skill level 2 in Transmutations
   342 | D:1      | Reached skill level 3 in Unarmed Combat
   342 | D:1      | Reached XP level 2. HP: 22/23 MP: 7/7
   657 | D:1      | Learned a level 2 spell: Sticks to Snakes
   927 | D:2      | Reached skill level 2 in Spellcasting
  1348 | D:2      | Reached XP level 3. HP: 16/28 MP: 8/8
  1737 | D:2      | Learned a level 3 spell: Spider Form
  1748 | D:2      | HP: 7/28 [worm (10)]
  1965 | D:2      | HP: 4/28 [gnoll/+0 spear (9)]
  1970 | D:2      | Reached XP level 4. HP: 3/36 MP: 7/10
  2248 | D:2      | HP: 4/36 [gnoll/+0 spear (7)]
  2253 | D:1      | Slain by a gnoll

Vault maps used:
D:1:      lightli_arrival_maybe_door_vault, st_stairs_10
D:2:      hangedman_decor_lopped, minmay_tetromino_l2, uniq_crazy_yiuf_cottage

Skill      XL: |  1  2 |
---------------+-------+-----
Fighting       | 1 |  1.6
Transmutations | 2 |  2.3
Unarmed Combat | 3 |  3.6
Spellcasting   | 2 |  2.3
Dodging        | |  1.7
Poison Magic   | |  0.1

Action                   |  1- 3 |  4- 6 || total
-------------------------+-------+-------++-------
Melee: Unarmed           |    98 |     9 ||   107
       Kick              |     9 |       ||     9
       Headbutt          |     2 |       ||     2
 Cast: Beastly Appendage |    12 |       ||    12
       Sticks to Snakes  |     3 |     3 ||     6
 Stab: Sleeping          |     5 |       ||     5
  Eat: Chunk             |     4 |       ||     4
Armor: Robe              |    20 |     4 ||    24
Dodge: Dodged            |    65 |    25 ||    90
Block: Other             |    12 |     2 ||    14
       Reflection        |     1 |       ||     1

Table legend:
 A = Non-vault XP
 B = Vault XP
 C = Vault XP percentage of total XP
 D = Non-vault monster count
 E = Vault monster count
 F = Vault count percentage of total count
                 A         B        C        D         E       F
            +---------+---------+-------+---------+---------+-------
      Total |     109 |      10 |   8.4 |      26 |       4 |  13.3
            +---------+---------+-------+---------+---------+-------
        D:1 |      16 |       4 |  20.0 |       9 |       2 |  18.2
        D:2 |      93 |       6 |   6.1 |      17 |       2 |  10.5
            +---------+---------+-------+---------+---------+-------

Vault maps used:
D:1:      lightli_arrival_maybe_door_vault, st_stairs_10
D:2:      hangedman_decor_lopped, minmay_tetromino_l2, uniq_crazy_yiuf_cottage

Table legend:
 A = Turns spent in this place as a percentage of turns spent in the entire game.
 B = Non-inter-level travel turns spent in this place as a percentage of non-inter-level travel turns spent in the entire game.
 C = Inter-level travel turns spent in this place as a percentage of turns spent in this place.
 D = Turns resting spent in this place as a percentage of non-inter-level travel turns spent in this place.
 E = Turns spent auto-exploring this place as a percentage of non-inter-level travel turns spent in this place.
 F = Non-inter-level travel turns spent in this place divided by the number of levels of this place that you've seen.
                   A       B       C       D       E      F
               +-------+-------+-------+-------+-------+----------------------
         Total | 100.0 | 100.0 |   5.0 |  48.0 |  35.8 | 1070.5
       Dungeon | 100.0 | 100.0 |   5.0 |  48.0 |  35.8 | 1070.5
               +-------+-------+-------+-------+-------+----------------------

Table legend:
 A = Kills in this place as a percentage of kills in entire the game.
 B = Kills by you in this place as a percentage of kills by you in the entire game.
 C = Kills by friends in this place as a percentage of kills by friends in the entire game.
 D = Other kills in this place as a percentage of other kills in the entire game.
 E = Experience gained in this place as a percentage of experience gained in the entire game.
 F = Experience gained in this place divided by the number of levels of this place that you have seen.
                   A       B       C       D       E      F
               +-------+-------+-------+-------+-------+----------------------
         Total | 100.0 | 100.0 | 100.0 |   N/A | 100.0 |  59.5
       Dungeon | 100.0 | 100.0 | 100.0 |   N/A | 100.0 |  59.5
               +-------+-------+-------+-------+-------+----------------------
